Map: Catalyst LE

Players

llllllllllll - Winner!

  • Race: Zerg Zerg
  • League: Gold
  • Spawn Location: 11:00

A.I. 1 (Very Easy)

  • Race: Terran Terran
  • Spawn Location: 5:00

VOD

Have the link to the VOD?

Description

Time

  • Played on: Feb. 10, 2018, 2:48 p.m.
  • Length: 6:47
Show
View Real Time Build Order
Export as new Build Order

llllllllllll Zerg - Winner!

Build Orders: Pool First 

Get SALT Encoding   

  12  0:03  Drone  
  13  0:13  Overlord  
  13  0:17  Drone  
  14  0:31  Drone  
  14  0:35  Drone  
  16  0:43  Spawning Pool  
  16  0:46  Drone  
  16  1:11  Hatchery  
  16  1:13  Drone  
  16  1:15  Drone  
  17  1:20  Extractor  
  16  1:31  Zergling x4  
  18  1:35  Queen  
  20  1:42  Overlord  
  20  1:51  Overlord  
  21  2:01  Drone  
  21  2:07  Drone  
  22  2:11  Queen  
  24  2:18  Drone  
  25  2:26  Queen  
  25  2:29  Drone  
  28  2:35  Metabolic Boost  
  28  2:42  Drone  
  29  2:45  Drone  
  29  2:46  Drone  
  31  2:52  Overlord  
  31  3:02  Drone x2  
  31  3:04  Drone  
  31  3:05  Drone  
  35  3:25  Drone  
  36  3:27  Drone  
  36  3:31  Drone, Hatchery  
  36  3:34  Overlord  
  37  3:46  Roach Warren  
  36  3:48  Overlord  
  36  3:52  Zergling x2  
  36  3:55  Extractor  
  36  3:58  Extractor  
  35  4:26  Roach x5  
  35  4:27  Roach x2  
  49  4:34  Roach x5  
  49  4:35  Roach  
  58  4:57  Roach  
  58  4:58  Roach x2  
  58  4:59  Zergling x2  
  66  5:00  Zergling x10  
  66  5:06  Zergling x6  
  73  5:10  Overlord  
  73  5:14  Drone  
  72  5:37  Zergling x6  
  72  5:38  Zergling x10  
  72  5:40  Ravager  
  72  5:41  Ravager  
  82  5:51  Overlord  
  82  5:52  Overlord  
  81  6:19  Zergling x4  
  81  6:20  Zergling x12  
  89  6:28  Zergling x2  
Show
View Real Time Build Order
Export as new Build Order

A.I. 1 (Very Easy) Terran 

Build Orders: Reaper Expand 

Get SALT Encoding   

  12  0:00  SCV  
  13  0:13  SCV  
  14  0:18  Supply Depot  
  14  0:42  Barracks  
  14  1:04  Command Center  
  14  1:31  Supply Depot, Orbital Command  
  14  1:32  Marine  
  15  1:38  Refinery  
  15  1:50  Refinery  
  15  1:57  SCV  
  16  2:09  SCV  
  17  2:18  Reaper  
  17  2:21  SCV  
  20  2:22  SCV  
  20  2:33  SCV  
  22  2:37  SCV  
  22  2:45  SCV  
  23  2:51  SCV  
  24  2:58  SCV  
  24  3:04  Marine  
  26  3:05  Refinery, SCV  
  27  3:13  SCV  
  28  3:20  Factory, SCV  
  29  3:45  Refinery  
  29  3:47  SCV  
  30  3:50  Barracks Tech Lab  
  30  3:54  SCV  
  31  3:59  Supply Depot  
  31  4:01  SCV  
  32  4:06  Starport  
  32  4:08  Marine  
  32  4:09  SCV  
  34  4:16  SCV  
  35  4:23  SCV  
  36  4:30  SCV  
  37  4:33  Supply Depot  
  37  4:37  SCV  
  38  4:44  Starport Tech Lab  
  38  4:45  SCV  
  39  4:52  SCV  
  39  4:55  Marine  
  39  4:59  SCV  
  41  5:03  Raven  
  41  5:06  SCV  
  44  5:14  SCV  
  45  5:21  SCV  
  43  5:42  Marauder  
  44  5:43  SCV  
  44  5:46  Raven  
  46  6:03  Supply Depot  
  45  6:05  SCV  
  45  6:11  Hellion  
  26  6:19  SCV  
  25  6:31  SCV  
Tags
 
Add a new tag
Caveats
  • Supply blocks, unpowered buildings, or Contaminate may cause inaccurate times.
  • Supply counts are checked every 10 seconds.